 Dungeon Crawl Stone Soup version 0.31-a0-237-g2d982f9f85 (webtiles) character file.

Game seed: 405841006758580288

112 qw the Shooter (level 4, -1/36 HPs)
             Began as a Minotaur Hexslinger on July 11, 2023.
             Slain by a gnoll
             ... wielding a +0 whip
              (6 damage)
             ... on level 2 of the Dungeon.
             The game lasted 00:00:35 (1169 turns).

qw the Shooter (Minotaur Hexslinger)                Turns: 1169, Time: 00:00:35

Health: -1/36      AC:  5    Str: 12    XL:     4   Next: 64%
Magic:  4/4        EV: 11    Int: 10    God:
Gold:   141        SH:  0    Dex: 15    Spells: 4/5 levels left

rFire   . . .        Y - +2 sling
rCold   . . .        (no shield)
rNeg    . . .        j - +0 ring mail
rPois   .            (helmet restricted)
rElec   .            (no cloak)
rCorr   .            (no gloves)
SInv    .            (no boots)
Will    .....        (no amulet)
Stlth   +            (no ring)
HPRegen 0.26/turn    (no ring)
MPRegen 0.09/turn

%: no passive effects
@: about to teleport
A: horns 2, retaliatory headbutt
a: no special abilities


You were on level 2 of the Dungeon.
You visited 1 branch of the dungeon, and saw 2 of its levels.

You collected 141 gold pieces.


Innate Abilities, Weirdness & Mutations

You have a pair of horns on your head.
You reflexively headbutt those who attack you in melee.


   Skills:
 + Level 2.0 Fighting
 - Level 5.0 Ranged Weapons
 - Level 1.3 Armour
 - Level 2.1 Dodging
 - Level 1.0 Spellcasting
 - Level 2.0 Hexes


You had 4 spell levels left.
You knew the following spells:

 Your Spells              Type           Power      Damage    Failure   Level
a - Slow                  Hex            16%        N/A       32%         1

Your spell library contained the following spells:

 Spells                   Type           Power      Damage    Failure   Level
 Inner Flame              Hex/Fire       2%         N/A       83%         3
 Portal Projectile        Hex/Tloc       4%         N/A       83%         3
 Cause Fear               Hex            2%         N/A       97%         4

Inventory:

Hand Weapons
 Y - a +2 sling (weapon)
Armour
 j - a +0 ring mail (worn)
Scrolls
 c - a scroll of summoning {unknown}
 d - 2 scrolls of identify {unknown}
 f - a scroll of enchant armour {unknown}
Potions
 b - a potion of resistance {unknown}
 e - a potion of curing {unknown}
 g - a potion of mutation {unknown}

Dungeon Overview and Level Annotations

Branches:
Dungeon (2/15)

Altars:


Message History

The gnoll hits you with a +0 club.
You shoot a sling bullet.
The sling bullet closely misses the gnoll.
The sling bullet hits the gnoll.
The gnoll is heavily wounded.
The gnoll hits you with a +0 club.
The gnoll hits you from afar with a +0 spear.
You shoot a sling bullet. The sling bullet hits the gnoll.
The gnoll is almost dead.
The gnoll closely misses you. The gnoll hits you with a +0 club.
You shoot a sling bullet. The sling bullet hits the gnoll.
You kill the gnoll!
The gnoll hits you from afar with a +0 spear. x2
You shoot a sling bullet.
The sling bullet barely misses the gnoll.
The gnoll barely misses you.
You shoot a sling bullet. The sling bullet hits the gnoll!
You kill the gnoll!
Your Ranged Weapons skill increases to level 5!
You shoot a sling bullet.
The sling bullet hits the gnoll but does no damage.
The gnoll completely misses you.
You shoot a sling bullet. The sling bullet hits the gnoll.
The gnoll is heavily wounded.
The gnoll hits you with a +0 club. The gnoll misses you.
You shoot a sling bullet. The sling bullet hits the gnoll.
The gnoll is severely wounded.
The gnoll closely misses you. The gnoll hits you with a +0 whip.
The gnoll closely misses you. The gnoll barely misses you.
You shoot a sling bullet.
The sling bullet closely misses the gnoll.
The gnoll hits you with a +0 club. The gnoll barely misses you.
You shoot a sling bullet. The sling bullet hits the gnoll.
The gnoll is almost dead.
The gnoll hits you with a +0 club! The gnoll hits you with a +0 whip.
1169 ||| READING scroll of teleportation.
As you read the scroll of teleportation, it crumbles to dust.
You feel strangely unstable. The gnoll closely misses you.
The gnoll hits you with a +0 whip.
You die...

..........
....#.......
..........
...........##
####...#
............
#.#.#
...........##
#.#..
..........
#.### #......#
#####.###
#.)gg..#
#........
#####@####
...........
#.###........#
#.#.#######
#.........##.#
# #......
#####.###### #
#.##..# #.#
#.. #..# #.#
#.# #...
#####.###.# .#
#...#......
#.........##.#
..........
#.........##.#
..........


You could see 2 gnolls.

Vanquished Creatures
  3 adders (D:2)
  3 gnolls
  3 worms (D:2)
  A dart slug (D:1)
  6 bats
  8 endoplasms
  4 hobgoblins
  2 kobolds (D:1)
  2 quokkas (D:2)
  4 ball pythons
  4 frilled lizards
  2 goblins
  4 rats (D:1)
46 creatures vanquished.

Notes
Turn   | Place    | Note
-------+----------+-------------------------------------------
     0 | D:1      | qw the Minotaur Hexslinger began the quest for the Orb.
     0 | D:1      | Reached XP level 1. HP: 16/16 MP: 1/1
     0 | D:1      | 0 ||| qw: Version: 0.3-a-52-g30416fa
     0 | D:1      | 0 ||| qw: Game counter: 5751
     0 | D:1      | 0 ||| qw: Melee chars always use a shield: true
     0 | D:1      | 0 ||| qw: God list: Okawaru
     0 | D:1      | 0 ||| qw: Allow faded altars: false
     0 | D:1      | 0 ||| qw: Do Orc after clearing Dungeon:15 true
     0 | D:1      | 0 ||| qw: Do second Lair branch before Depths: true
     0 | D:1      | 0 ||| qw: Lair rune preference: random
     0 | D:1      | 0 ||| qw: Goals: Normal
     0 | D:1      | 0 ||| PLANNING D:1-11
    59 | D:1      | Reached skill level 3 in Ranged Weapons
    61 | D:1      | Reached XP level 2. HP: 19/23 MP: 2/2
   302 | D:1      | Reached XP level 3. HP: 16/29 MP: 3/3
   509 | D:1      | 509 ||| UPGRADING to +0 ring mail.
   519 | D:1      | 519 ||| DROPPING +0 robe.
   520 | D:1      | 520 ||| DROPPING ring of flight.
   521 | D:1      | 521 ||| READING scroll labelled JEYRIPN ETWISS.
   522 | D:1      | 522 ||| READING scroll labelled USTRUU QYDEI.
   523 | D:1      | 523 ||| READING scroll labelled YCEEJU EGGURRIHAG.
   577 | D:1      | 577 ||| READING scroll labelled TULUACA NEOP.
   582 | D:1      | 582 ||| READING scroll labelled ELUTSA XEDGH.
   583 | D:1      | 583 ||| READING scroll labelled YRE KAETWU.
   584 | D:1      | 584 ||| DROPPING scroll of poison.
   747 | D:2      | Reached skill level 4 in Ranged Weapons
   767 | D:2      | Reached skill level 1 in Armour
   772 | D:2      | Reached XP level 4. HP: 27/36 MP: 4/4
  1164 | D:2      | Reached skill level 5 in Ranged Weapons
  1168 | D:2      | HP: 6/36 [gnoll/+0 club (7)]
  1169 | D:2      | 1169 ||| READING scroll of teleportation.
  1169 | D:2      | Slain by a gnoll

Levels and vault maps discovered:
D:1:      ldierk_walled_garden_2, layout_rooms, chequers_mini_garden
D:2:      layout_basic, minmay_hexomino_c4

Skill      XL: |  1  2  3  4 |
---------------+-------------+-----
Ranged Weapons | 3 4 5 |  5.0
Fighting       | 2 |  2.0
Armour         | 1 |  1.3
Dodging        | |  2.1
Spellcasting   | |  1.0
Hexes          | |  2.0

Action                     |  1- 3 |  4- 6 || total
---------------------------+-------+-------++-------
   Fire: Sling             |   102 |    45 ||   147
    Use: Scroll            |     6 |     1 ||     7
 Armour: Robe              |     7 |       ||     7
         Ring mail         |     3 |     9 ||    12
  Dodge: Dodged            |    33 |    12 ||    45

Table legend:
 A = Non-vault XP
 B = Vault XP
 C = Vault XP percentage of total XP
 D = Non-vault monster count
 E = Vault monster count
 F = Vault count percentage of total count
                 A         B        C        D         E       F
            +---------+---------+-------+---------+---------+-------
      Total |     125 |      36 |  22.4 |      40 |       6 |  13.0
            +---------+---------+-------+---------+---------+-------
        D:1 |      54 |       0 |   0.0 |      25 |       0 |   0.0
        D:2 |      71 |      36 |  33.6 |      15 |       6 |  28.6
            +---------+---------+-------+---------+---------+-------
